Map: Fracture LE

Players

Flabbergast

  • Race: Terran Terran
  • Spawn Location: 11:00

TickTick - Winner!

  • Race: Zerg Zerg
  • League: Diamond
  • Spawn Location: 5:00

VOD

Have the link to the VOD?

Description

Fracture ZvT Heckmuffin switch

Time

  • Played on: Oct. 20, 2018, 1:07 a.m.
  • Length: 16:16
Show
View Real Time Build Order
Export as new Build Order

Flabbergast Terran 

Build Orders: Hellion Opening, Reaper Expand, Mech 

Get SALT Encoding   

  12  0:00  SCV  
  13  0:12  SCV  
  14  0:17  Supply Depot  
  14  0:26  SCV  
  14  0:27  Refinery  
  15  0:39  SCV  
  16  0:46  Barracks  
  16  0:51  SCV  
  17  1:03  SCV  
  18  1:15  SCV  
  19  1:32  Orbital Command  
  19  1:33  Reaper  
  20  1:46  Command Center  
  20  1:56  Factory  
  20  1:59  SCV  
  21  2:06  Barracks Reactor  
  21  2:14  SCV  
  22  2:16  Barracks Reactor  
  22  2:19  Supply Depot  
  22  2:26  SCV  
  23  2:41  SCV  
  23  2:43  Supply Depot  
  24  2:53  Refinery, SCV  
  24  2:57  Orbital Command  
  25  3:02  Factory  
  24  3:06  Hellion x2  
  24  3:11  SCV  
  29  3:18  Barracks Reactor  
  29  3:25  SCV x2  
  31  3:27  Hellion x2  
  35  3:37  SCV  
  36  3:48  Hellion  
  36  3:49  Cyclone  
  41  3:55  Orbital Command  
  41  3:59  Hellion  
  41  4:00  SCV  
  44  4:06  Armory  
  44  4:11  Hellion  
  44  4:12  SCV  
  47  4:24  SCV x2  
  49  4:36  SCV x2  
  49  4:37  Barracks Tech Lab  
  51  4:38  Refinery  
  51  4:39  Factory  
  51  4:41  Refinery  
  50  4:49  SCV x2  
  52  4:56  Terran Vehicle Weapons Level 1  
  52  5:01  Hellion  
  54  5:09  Command Center  
  54  5:12  Supply Depot  
  54  5:33  Engineering Bay, SCV x2  
  54  5:34  Hellion x3  
  62  5:42  Supply Depot  
  62  6:01  Supply Depot x2  
  62  6:03  Supply Depot  
  62  6:04  Siege Tank, SCV, Hellion x2  
  62  6:06  Supply Depot  
  70  6:18  Hellion  
  70  6:19  Hellion  
  70  6:21  SCV x2  
  70  6:24  Orbital Command  
  63  6:26  Hellion x2  
  63  6:33  SCV x2  
  63  6:36  Siege Tank  
  63  6:37  Barracks Tech Lab, Factory  
  67  6:45  SCV x2  
  69  6:56  Hellion x2  
  69  6:57  SCV x2  
  78  7:08  Siege Tank  
  78  7:13  SCV x2  
  78  7:14  SCV  
  75  7:25  SCV x2  
  75  7:26  Terran Vehicle Weapons Level 2, SCV  
  75  7:27  Supply Depot  
  78  7:33  Supply Depot, Factory Tech Lab  
  78  7:37  Armory, SCV x2  
  78  7:39  Cyclone  
  78  7:40  Cyclone  
  86  7:54  Siege Tank x2  
  86  7:55  SCV, Hellion x2  
  86  7:57  SCV  
  98  8:12  Hellion  
  100  8:22  Infernal Pre-Igniter  
  100  8:23  Smart Servos  
  100  8:26  Thor  
  106  8:27  Supply Depot  
  106  8:28  Orbital Command  
  106  8:42  Supply Depot  
  106  8:46  Supply Depot  
  106  8:49  Supply Depot  
  106  8:52  SCV x2  
  106  8:54  SCV  
  107  9:00  Thor  
  105  9:04  SCV x2  
  105  9:07  Missile Turret x2  
  105  9:09  Thor  
  105  9:13  Hellion  
  102  9:18  SCV  
  102  9:19  SCV x2  
  102  9:20  Terran Vehicle And Ship Armor Level 1  
  104  9:31  SCV x3  
  103  9:42  Hellion x4  
  103  9:43  Thor, SCV x2  
  119  9:52  Thor  
  125  9:57  Missile Turret  
  125  9:59  Missile Turret  
  125  10:03  Hellion  
  127  10:09  Refinery  
  127  10:10  SCV x2  
  127  10:11  Supply Depot, SCV  
  127  10:13  Refinery  
  130  10:15  Supply Depot  
  130  10:22  Sensor Tower, SCV  
  130  10:23  SCV  
  125  10:47  Siege Tank x2, Hellion x3  
  125  10:48  SCV x3, Hellion  
  142  11:02  Command Center  
  142  11:05  SCV x3  
  142  11:09  Hellion x2  
  149  11:18  Thor  
  155  11:31  SCV x2  
  155  11:32  SCV  
  158  11:43  SCV x2  
  158  11:44  SCV  
  161  11:51  Terran Vehicle And Ship Armor Level 2, Terran Vehicle Weapons Level 3  
  161  11:55  SCV  
  161  11:56  SCV  
  161  12:01  Missile Turret  
  163  12:02  Missile Turret  
  153  12:25  Hellion x4  
  153  12:26  Factory Tech Lab  
  147  13:02  Planetary Fortress  
  147  13:05  Thor x2  
  142  13:06  Hellion x2  
  142  13:07  Hellion  
  129  13:25  Factory  
  129  13:26  Factory x2  
  129  13:27  Factory  
  129  13:28  Hellion  
  129  13:31  Supply Depot  
  131  13:43  Factory Tech Lab  
  131  13:47  Missile Turret  
  131  13:48  Thor x2, SCV x2  
  133  13:49  Missile Turret  
  133  13:50  SCV  
  133  13:51  Missile Turret  
  133  13:53  Missile Turret  
  133  13:54  Command Center  
  144  13:58  Hellion x2  
  144  14:00  SCV x2  
  144  14:02  SCV  
  145  14:05  Supply Depot  
  143  14:19  Hellion  
  143  14:24  Thor x2  
  142  14:31  Thor  
  117  14:46  Thor  
  106  14:59  Hellion x2  
  98  15:12  Orbital Command  
  98  15:27  Refinery  
  98  15:28  Hellion x2  
  102  15:33  Refinery x2  
Show
View Real Time Build Order
Export as new Build Order

TickTick Zerg - Winner!

Build Orders: Pool First, Swarm Host 

Get SALT Encoding   

  12  0:00  Drone  
  13  0:08  Drone  
  14  0:16  Overlord  
  14  0:34  Drone x3  
  17  0:43  Spawning Pool  
  17  0:49  Extractor, Drone  
  16  0:56  Drone  
  17  1:18  Hatchery, Drone  
  17  1:31  Zergling x4  
  19  1:37  Queen  
  21  1:41  Zergling x2  
  22  1:52  Metabolic Boost  
  22  1:59  Overlord  
  22  2:05  Overlord  
  22  2:31  Drone x3  
  22  2:32  Queen  
  22  2:34  Queen  
  29  2:41  Drone  
  29  2:42  Drone  
  31  2:44  Drone  
  32  2:54  Drone  
  32  2:56  Drone  
  33  3:22  Roach Warren  
  33  3:23  Drone x3  
  33  3:24  Drone  
  33  3:26  Drone  
  37  3:31  Hatchery  
  36  3:44  Drone x4  
  36  3:45  Drone x3  
  36  3:47  Extractor  
  36  3:48  Extractor  
  41  3:59  Extractor  
  41  4:02  Drone  
  41  4:11  Overlord  
  41  4:12  Overlord  
  41  4:13  Overlord  
  41  4:15  Overlord  
  41  4:24  Queen  
  41  4:30  Lair  
  43  4:34  Roach x3  
  43  4:35  Roach  
  43  4:36  Zergling x4  
  43  4:37  Zergling x6  
  54  5:07  Drone  
  54  5:08  Drone x2  
  54  5:09  Drone  
  54  5:10  Drone x2  
  54  5:11  Drone x3  
  54  5:13  Roach x3  
  69  5:21  Drone  
  69  5:23  Evolution Chamber  
  69  5:24  Evolution Chamber  
  68  5:37  Roach x5  
  68  5:38  Zergling x4, Roach  
  68  5:41  Overlord x3  
  82  5:49  Glial Reconstitution  
  82  5:59  Spore Crawler, Drone x2  
  83  6:08  Overseer  
  82  6:33  Zerg Missile Weapons Level 1, Spire  
  82  6:34  Zerg Ground Armor Level 1  
  82  6:36  Drone x3  
  82  6:37  Drone x12  
  82  6:38  Drone  
  81  7:12  Zergling x6  
  81  7:13  Zergling x24  
  81  7:14  Zergling x6  
  95  7:22  Extractor  
  84  7:23  Extractor  
  73  7:57  Overlord x2  
  73  7:58  Mutalisk x2  
  73  7:59  Mutalisk x7  
  73  8:02  Zergling x2  
  73  8:03  Zergling x12  
  98  8:15  Zerg Flyer Weapons Level 1  
  98  8:21  Hatchery  
  98  8:23  Hatchery  
  96  8:35  Mutalisk x3  
  96  8:37  Overlord  
  96  8:38  Overlord x6  
  102  8:41  Drone x2  
  102  8:42  Drone  
  102  8:43  Drone x2  
  97  9:00  Roach x3  
  97  9:01  Roach x6  
  115  9:24  Roach x8  
  119  9:25  Roach x2  
  119  9:29  Zerg Ground Armor Level 2  
  129  10:07  Infestation Pit  
  91  10:44  Swarm Host x7  
  91  10:45  Swarm Host x8  
  91  10:46  Swarm Host  
  137  10:58  Zerg Missile Weapons Level 2  
  137  11:03  Extractor, Queen  
  137  11:04  Overlord  
  138  11:05  Extractor  
  137  11:35  Hydralisk Den  
  136  11:50  Roach x4  
  136  11:51  Roach x12  
  136  11:52  Zergling x6, Roach x5  
  136  11:53  Zergling x22  
  193  11:54  Zergling x12  
  198  12:05  Overlord x2  
  150  13:20  Hydralisk x6  
  150  13:21  Hydralisk x12  
  150  13:22  Hydralisk x7  
  150  13:25  Grooved Spines  
  200  13:28  Hive  
  200  13:29  Zerg Melee Weapons Level 1  
  186  14:36  Muscular Augments  
  133  15:19  Hydralisk  
  133  15:20  Hydralisk x9  
  133  15:21  Hydralisk x12  
  153  15:22  Hydralisk x11  
  187  15:57  Zergling x4  
  187  15:58  Zergling x22  
Tags
 
Add a new tag
Caveats
  • Supply blocks, unpowered buildings, or Contaminate may cause inaccurate times.
  • Supply counts are checked every 10 seconds.